 Dungeon Crawl Stone Soup version 0.22.0 (webtiles) character file.

46 zishaf the Insei (level 3, 0/18 HPs)
             Began as a Vine Stalker Transmuter on Aug 11, 2018.
             Was a Follower of Yredelemnul.
             Succumbed to a goblin's poison
             ... on level 2 of the Dungeon.
             The game lasted 00:04:13 (1360 turns).

zishaf the Insei (Vine Stalker Transmuter)          Turns: 1360, Time: 00:04:14

Health: 0/18       AC:  3    Str: 18    XL:     3   Next: 66%
Magic:  7/7        EV:  9    Int: 13    God:    Yredelemnul [*.....]
Gold:   76         SH:  0    Dex: 14    Spells: 5/6 levels left

rFire    . . .     SeeInvis .     - Unarmed
rCold    . . .     Gourm    .   f - +0 shield (curse)
rNeg     . . .     Faith    .   b - +0 robe
rPois    .         Spirit   +   m - +1 hat
rElec    .         Reflect  .   (no cloak)
rCorr    .         Harm     .   (no gloves)
MR       .....                  (no boots)
Stlth    +.........             (no amulet)
HPRegen  0.06/turn              (no ring)
MPRegen  0.10/turn              (no ring)

@: confused, mighty, lethally poisoned (0 -> -11)
A: fangs 2, magic shield, antimagic bite, no potion heal 3, rot immunity
a: Animate Remains, Renounce Religion


You were on level 2 of the Dungeon.
You worshipped Yredelemnul.
Yredelemnul was aware of your devotion.
You were hungry.

You visited 1 branch of the dungeon, and saw 2 of its levels.

You collected 76 gold pieces.

Inventory:

Missiles
 a - 37 arrows
Armour
 b - a +0 robe (worn)
 f - a cursed +0 shield (worn)
 m - a +1 hat (worn)
Scrolls
 g - 3 scrolls of remove curse {unknown}
 l - a scroll of fear {unknown}
Potions
 c - a potion of mutation {unknown}
 e - a potion of curing {unknown}
 h - a potion of might
 i - a potion of ambrosia
 j - a potion of flight {unknown}
Comestibles
 d - 4 rations
 k - 6 chunks of flesh


   Skills:
 - Level 1.3 Fighting
 * Level 2.2 Dodging
 * Level 3.6 Unarmed Combat
 - Level 2.1 Spellcasting
 + Level 2.3 Transmutations
 + Level 0.1 Invocations


You had 5 spell levels left.
You knew the following spells:

 Your Spells              Type           Power        Failure   Level  Hunger
a - Beastly Appendage     Tmut           #.....       54%         1    ##.....

Your spell library contained the following spells:

 Spells                   Type           Power        Failure   Level  Hunger
 Spider Form              Tmut/Pois      #.........   97%         3    ####...
 Blade Hands              Tmut           #.........   100%        5    ######.
 Ice Form                 Ice/Tmut       #.......     100%        4    #####..
 Sticks to Snakes         Tmut           #.......     69%         2    ###....


Dungeon Overview and Level Annotations

Branches:
Dungeon (2/15)

Altars:
Ashenzari
Okawaru
Yredelemnul


Innate Abilities, Weirdness & Mutations

You have extremely sharp teeth.
When hurt, damage is shared between your health and your magic reserves.
Your bite disrupts and absorbs the magic of your enemies.
Potions cannot restore your health.
You are immune to rotting.


Message History

You feel sick.
The ball python bites you but does no damage.
The ball python constricts you.
You escape the ball python's grasp.
* * * LOW HITPOINT WARNING * * *
You feel sick.
It was a potion of might.
You feel very mighty all of a sudden. The ball python closely misses you.
You block the ball python's attack.
You are feeling hungry.
You punch the ball python!
You kill the ball python!
Yredelemnul accepts your kill.
* * * LOW HITPOINT WARNING * * *
You feel sick.
It was a potion of ambrosia.
You are confused.
Your system rejects the healing.
You feel invigorated.
You die...
Your body rises from the dead as a mindless zombie.

#.....# ..#
#########....#####
..#
............###..##
...
##.....#.###....###.#
#..♣..#.##....(.##.#
#.♣_♣.#............#
#..♣..########.##..#
##########.....#
#...... #
#.......####@###
####### ##. .#.##.##
#.# .... #...#..###)#
...#...#....#.## ##
###....####))..## #..
#⌠.##'##.⌠#.....# #..
#.....)...h.....# #..
.####......h###.#..#
#.. #...#†......#
..#..# #..


There were no monsters in sight!

Vanquished Creatures
  An ooze (D:1)
  A dart slug (D:2)
  A ball python (D:2)
  A giant cockroach (D:2)
  3 goblins
  4 hobgoblins
  11 jackals
  A quokka (D:2)
  4 bats
  A frilled lizard (D:1)
  5 kobolds
33 creatures vanquished.

Notes
Turn   | Place    | Note
-------+----------+-------------------------------------------
     0 | D:1      | zishaf the Vine Stalker Transmuter began the quest for the Orb.
     0 | D:1      | Reached XP level 1. HP: 9/9 MP: 4/4
   134 | D:1      | Reached skill level 1 in Fighting
   170 | D:1      | Reached XP level 2. HP: 8/14 MP: 4/6
   795 | D:1      | Reached XP level 3. HP: 17/18 MP: 7/7
  1064 | D:2      | Found an iron altar of Okawaru.
  1119 | D:2      | Found a faded altar of an unknown god.
  1123 | D:2      | Became a worshipper of Yredelemnul the Dark
  1123 | D:2      | Reached * piety under Yredelemnul
  1131 | D:2      | Found a shattered altar of Ashenzari.
  1360 | D:2      | Succumbed to a goblin's poison

Skill      XL: |  1  2 |
---------------+-------+-----
Fighting       | 1 |  1.3
Dodging        | 2 |  2.2
Unarmed Combat | |  3.6
Spellcasting   | |  2.1
Transmutations | |  2.3
Invocations    | |  0.1

Action                   || total
-------------------------++-------
Melee: Unarmed           ||   105
       Bite              ||    20
  Use: Potion            ||     2
  Eat: Chunk             ||     1
Armor: Robe              ||    26
Dodge: Dodged            ||    34
Block: Shield            ||    41
